Map: Prion Terraces

Players

DemiLove (Demi) - Winner!

  • Race: Zerg Zerg

Kelazhur

  • Race: Terran Terran
  • League: Grandmaster

VOD

Have the link to the VOD?

Description

Time

  • Played on: Dec. 20, 2015, 1:06 a.m.
  • Length: 12:54
Show
View Real Time Build Order
Export as new Build Order

DemiLove Zerg - Winner!

Build Orders: Pool First, Muta Ling Bane 

Get SALT Encoding   

  12  0:01  Drone  
  13  0:08  Drone  
  14  0:15  Extractor  
  14  0:16  Drone  
  14  0:32  Spawning Pool  
  13  0:35  Drone  
  13  0:42  Drone, Extractor  
  15  0:51  Overlord  
  15  1:18  Metabolic Boost, Zergling x6  
  15  1:25  Queen  
  20  1:32  Zergling x2  
  21  1:52  Hatchery  
  20  1:56  Drone  
  20  1:57  Drone  
  22  2:08  Overlord  
  22  2:16  Overlord  
  22  2:34  Queen  
  24  2:38  Drone x4  
  28  2:46  Drone  
  29  2:54  Overlord  
  29  3:04  Overlord  
  29  3:06  Drone x4  
  33  3:16  Drone x2  
  35  3:24  Baneling Nest  
  35  3:26  Drone  
  35  3:28  Drone  
  36  3:38  Zergling x4  
  38  3:45  Zergling x2  
  38  3:46  Zergling x2  
  38  3:47  Zergling x2  
  41  3:52  Hatchery  
  41  3:53  Evolution Chamber, Zergling x4  
  41  3:57  Extractor  
  40  4:03  Zergling x8  
  40  4:05  Zergling x2  
  45  4:11  Drone  
  45  4:13  Baneling x6  
  46  4:17  Baneling  
  46  4:21  Zergling x2  
  46  4:22  Zergling x4  
  49  4:25  Zergling x2  
  49  4:27  Zergling x2  
  50  4:40  Zergling x2  
  50  4:43  Overlord x2  
  50  4:51  Zergling x2  
  50  4:52  Zergling x8  
  44  5:00  Zergling x2  
  44  5:01  Zergling x4  
  44  5:09  Zergling x10  
  48  5:19  Zergling x6  
  51  5:25  Overlord  
  51  5:35  Lair  
  50  5:45  Drone x4  
  50  5:46  Drone x5  
  50  5:48  Drone  
  56  5:57  Spore Crawler, Extractor  
  56  5:59  Spore Crawler  
  56  6:00  Drone  
  56  6:01  Drone  
  55  6:06  Drone x2  
  57  6:11  Spore Crawler  
  57  6:12  Drone  
  57  6:18  Drone x4  
  60  6:24  Extractor  
  58  6:27  Spore Crawler  
  58  6:29  Spore Crawler  
  58  6:38  Drone x3  
  58  6:39  Drone x5  
  66  6:41  Queen  
  66  6:45  Spire  
  66  6:49  Drone x3  
  66  6:53  Spore Crawler  
  64  7:06  Overlord x2  
  64  7:07  Drone  
  64  7:08  Drone  
  66  7:12  Overseer  
  65  7:16  Drone x3  
  66  7:22  Overlord  
  66  7:23  Queen  
  66  7:26  Queen  
  66  7:29  Centrifical Hooks  
  69  7:57  Mutalisk, Baneling  
  69  7:58  Mutalisk x8, Baneling  
  69  8:01  Zergling x8  
  69  8:02  Zergling x6  
  69  8:15  Drone  
  69  8:16  Drone x2  
  67  8:30  Drone x4  
  68  8:34  Drone  
  68  8:35  Drone  
  68  8:37  Extractor  
  68  8:41  Zergling x2  
  69  8:45  Hatchery  
  69  8:46  Zerg Melee Weapons Level 1  
  68  8:50  Zergling x10  
  72  8:56  Zergling x4  
  72  8:57  Zergling x2  
  73  9:06  Queen  
  73  9:08  Zergling x10  
  80  9:14  Baneling  
  80  9:15  Baneling x4  
  80  9:16  Baneling x2  
  80  9:17  Baneling  
  80  9:18  Baneling x6  
  80  9:19  Zergling x8  
  80  9:20  Zergling x2  
  85  9:27  Zergling x2  
  86  9:32  Zergling x6  
  86  9:33  Baneling  
  86  9:34  Baneling x5  
  86  9:38  Zergling x6  
  90  9:59  Zergling x2  
  79  10:00  Zergling x16  
  79  10:06  Zergling x2  
  82  10:07  Zergling x8  
  82  10:08  Baneling  
  82  10:09  Baneling x7  
  84  10:17  Zergling x8  
  88  10:24  Zergling x2  
  88  10:25  Zergling x4  
  91  10:31  Baneling x7  
  91  10:32  Baneling  
  91  10:35  Mutalisk x2  
  93  10:37  Zergling x4  
  83  10:56  Zergling x4  
  83  10:57  Zergling x24  
  81  11:12  Mutalisk  
  81  11:13  Mutalisk x3  
  81  11:15  Zergling x2  
  81  11:16  Zergling x14  
  94  11:29  Zergling x14  
  94  11:31  Baneling  
  94  11:32  Baneling  
  101  11:37  Baneling x3  
  101  11:40  Zergling x2  
  101  11:46  Overlord  
  88  12:02  Zergling x14  
  88  12:03  Zergling x2  
  88  12:05  Overseer  
  88  12:07  Zergling x2  
  88  12:08  Zergling x6  
  94  12:17  Zergling x2  
  94  12:18  Zergling x10  
  94  12:20  Baneling  
  94  12:21  Baneling x2  
  98  12:23  Baneling x2  
  98  12:32  Zergling x2  
  98  12:33  Zergling x8  
  98  12:34  Baneling x2  
  98  12:35  Baneling x2  
  103  12:38  Extractor  
  103  12:40  Extractor  
Show
View Real Time Build Order
Export as new Build Order

Kelazhur Terran 

Build Orders: MMM Bio 

Get SALT Encoding   

  12  0:01  SCV  
  13  0:13  SCV  
  14  0:17  Supply Depot  
  14  0:25  SCV  
  15  0:39  SCV  
  15  0:40  Barracks  
  16  0:51  SCV  
  17  1:03  SCV  
  18  1:13  Command Center  
  18  1:16  SCV  
  19  1:27  Marine  
  19  1:29  Orbital Command  
  20  1:37  Refinery  
  20  1:45  Marine  
  20  1:46  Supply Depot  
  21  1:53  Refinery  
  21  1:56  SCV  
  22  2:03  Marine  
  24  2:08  SCV  
  24  2:12  Bunker  
  24  2:21  Marine  
  24  2:22  SCV  
  26  2:28  Orbital Command  
  25  2:34  SCV  
  25  2:39  Marine  
  26  2:45  Factory  
  26  2:46  SCV  
  27  2:54  Orbital Command  
  27  2:57  Marine  
  27  2:58  SCV  
  29  3:09  Command Center  
  29  3:13  SCV  
  30  3:21  Barracks Reactor  
  30  3:22  SCV  
  31  3:27  SCV  
  31  3:29  Hellion  
  31  3:31  Starport  
  31  3:34  SCV  
  35  3:39  SCV  
  36  3:47  Orbital Command  
  36  3:52  SCV  
  36  4:04  SCV  
  36  4:07  Hellion x2  
  36  4:09  Barracks Tech Lab, Barracks  
  41  4:10  Barracks  
  41  4:12  Starport Tech Lab  
  41  4:14  SCV  
  41  4:16  SCV  
  43  4:22  Orbital Command  
  43  4:26  SCV  
  43  4:27  Bunker  
  43  4:28  SCV  
  43  4:31  Cloaking Field  
  45  4:34  Banshee  
  48  4:39  SCV  
  48  4:44  Hellion  
  53  4:47  SCV  
  53  4:50  Hellion  
  50  4:55  Orbital Command  
  43  5:05  Engineering Bay  
  36  5:07  SCV  
  36  5:09  Supply Depot  
  35  5:16  SCV  
  35  5:18  Banshee  
  35  5:19  SCV  
  40  5:23  Supply Depot, Factory Reactor  
  40  5:25  SCV, Stimpack, Marine  
  40  5:27  Barracks Reactor x2  
  40  5:28  SCV  
  43  5:31  SCV  
  44  5:43  Marine  
  44  5:44  SCV  
  44  5:46  SCV  
  44  5:47  SCV  
  44  5:48  Bunker  
  44  5:49  Supply Depot  
  44  5:52  Supply Depot  
  44  5:56  SCV  
  45  5:59  SCV x2  
  45  6:00  Marine  
  45  6:01  Banshee  
  53  6:04  Hellion  
  53  6:07  Hellion  
  55  6:12  SCV x3  
  58  6:24  SCV x2  
  58  6:25  SCV, Marine  
  62  6:26  Marine x4  
  66  6:36  SCV x2  
  66  6:37  SCV, Refinery  
  66  6:38  Refinery  
  66  6:39  Engineering Bay  
  66  6:40  Engineering Bay  
  66  6:48  SCV  
  66  6:49  SCV  
  66  6:51  Marine x3  
  66  6:52  Marine  
  66  6:53  SCV  
  73  6:59  Starport Reactor, Marine  
  73  7:01  SCV  
  75  7:07  Orbital Command  
  75  7:08  Barracks x2  
  75  7:09  Marine x2  
  75  7:15  Supply Depot  
  77  7:16  Supply Depot x2  
  77  7:27  Terran Infantry Weapons Level 1, Terran Infantry Armor Level 1  
  77  7:36  Marine x3  
  77  7:37  SCV x3, Medivac  
  85  7:38  Medivac  
  85  7:43  Bunker  
  85  7:44  Marine x2  
  87  7:49  SCV x2  
  91  7:54  SCV, Marine x2  
  94  8:05  Marine  
  94  8:06  Marine  
  94  8:09  Marine  
  94  8:10  SCV  
  94  8:11  SCV x2  
  91  8:13  Missile Turret x2  
  91  8:14  Missile Turret  
  91  8:15  Barracks Reactor  
  88  8:20  Missile Turret  
  88  8:22  SCV  
  85  8:27  Marine  
  85  8:28  Marine x4  
  85  8:30  Barracks Reactor  
  85  8:33  Medivac  
  83  8:36  Medivac  
  83  8:41  Refinery  
  81  8:45  Combat Shields, Marine  
  81  8:46  Marine x2  
  81  8:47  Widow Mine  
  81  8:48  Widow Mine  
  88  8:53  Factory  
  88  8:54  Marine x2  
  88  8:59  Marine  
  88  9:03  Marine  
  88  9:04  Marine  
  88  9:08  Barracks, Medivac x2  
  88  9:09  Barracks x2  
  94  9:10  Marine x3  
  94  9:15  Supply Depot  
  94  9:16  Widow Mine x2  
  101  9:21  Marine  
  101  9:22  Supply Depot  
  100  9:25  Marauder  
  100  9:30  Marine x7  
  109  9:38  Medivac x2  
  113  9:44  Marine  
  114  9:46  Marauder  
  112  9:55  SCV x2  
  112  9:56  SCV  
  112  9:58  Marine  
  92  10:01  Marine  
  92  10:04  Widow Mine x2  
  92  10:05  Marine  
  88  10:07  SCV x2  
  88  10:08  SCV, Medivac x2  
  88  10:13  Marine x9  
  103  10:16  Marine  
  103  10:19  SCV, Marine  
  103  10:21  Armory  
  106  10:22  Missile Turret  
  106  10:23  Bunker  
  106  10:26  Marine  
  107  10:28  Supply Depot  
  107  10:30  Marine  
  107  10:34  Marine x4  
  107  10:35  Marauder  
  114  10:38  Marine x2  
  116  10:49  Medivac x2, Widow Mine  
  94  10:50  Marine x5  
  94  10:52  Marine  
  94  10:55  Marine x3  
  94  10:56  Marine  
  82  11:14  Orbital Command  
  82  11:15  Marine x7  
  88  11:32  Marine  
  88  11:33  Marine x3  
  88  11:39  Medivac  
  94  11:40  Orbital Command  
  94  11:41  Orbital Command  
  91  11:56  Marine  
  91  11:57  Marine  
  71  12:06  Marine  
  70  12:12  Medivac x2  
  63  12:23  Marine  
  63  12:24  Marine x10  
  74  12:33  Marine  
Tags
 
Add a new tag
Caveats
  • Supply blocks, unpowered buildings, or Contaminate may cause inaccurate times.
  • Supply counts are checked every 10 seconds.